 Dungeon Crawl Stone Soup version 0.31-a0-240-gb923e448b6 (webtiles) character file.

Game seed: 9838497183088523006

130 GordonOverkill the Magician (level 4, -6/28 (30) HPs)
             Began as a Mummy Hedge Wizard on July 8, 2023.
             Was an Initiate of Ashenzari.
             Mangled by a bullfrog (8 damage)
             ... in a sewer on July 12, 2023.
             The game lasted 00:13:19 (4943 turns).

GordonOverkill the Magician (Mummy Hedge Wizard)    Turns: 4943, Time: 00:13:20

HP:   -6/28 (30)    AC:  2    Str: 13    XL:     4   Next: 89%
MP:   8/10          EV: 12    Int: 15    God:    Ashenzari [......]
Gold: 97            SH:  0    Dex: 11    Spells: 8/12 levels left

rFire   x . .        h - +2 dagger (protect)
rCold   + . .        (no shield)
rNeg    + + +        b - +0 robe of Ashenzari's Ordeal {Fort, Elem} (curse)
rPois   ∞            c - +0 hat
rElec   .            (no cloak)
rCorr   .            (no gloves)
SInv    .            (no boots)
Will    +....        (no amulet)
Stlth   +            d - ring of willpower
HPRegen 0.24/turn    (no ring)
MPRegen 0.12/turn

%: faith
@: about to teleport, very slightly contaminated, drained, very slow
A: cold resistance 1, negative energy resistance 3, torment resistance 2, heat
vulnerability 1, in touch with death 1, no potions, faith
a: Renounce Religion, Shatter the Chains


You were in a sewer.
You worshipped Ashenzari.
Ashenzari was noncommittal.
You visited 1 branch of the dungeon, and saw 3 of its levels.
You also visited: Sewer.

You collected 97 gold pieces.

Inventory:

Hand Weapons
 h - a +2 dagger of protection (weapon)
Armour
 b - the cursed +0 robe of Ashenzari's Ordeal (worn) {Fort, Elem}

   It has a curse which improves the following skills: Fortitude: Armour and
   Shields.
   Elements:  Fire Magic, Ice Magic, Air Magic and Earth Magic.
 c - a +0 hat (worn)
Magical Staves
 e - a staff of cold
Jewellery
 d - a ring of willpower (left hand)
Scrolls
 g - a scroll of enchant weapon {unknown}


   Skills:
 + Level 0.1 Short Blades
 - Level 1.5 Dodging
 - Level 1.5 Stealth
 + Level 4.5 Spellcasting
 + Level 1.5 Conjurations
 + Level 1.2 Hexes
 + Level 1.7 Summonings
 + Level 1.1 Necromancy
 + Level 1.4 Translocations
 + Level 0.6(0.9) Air Magic
 + Level 0.6 Poison Magic


You had 8 spell levels left.
You knew the following spells:

 Your Spells              Type           Power      Damage    Failure   Level
a - Magic Dart            Conj           32%        1d4       9%          1
b - Slow                  Hex            28%        N/A       11%         1
c - Cigotuvi's Dreadful   Necr/Pois/Air  18%        N/A       19%         2

Your spell library contained the following spells:

 Spells                   Type           Power      Damage    Failure   Level
 Call Imp                 Summ           16%        N/A       13%         2
 Blink                    Tloc           14%        N/A       14%         2
 Mephitic Cloud           Conj/Pois/Air  6%         N/A       32%         3


Dungeon Overview and Level Annotations

Branches:
Dungeon (3/15)              Sewer (1/1)

Altars:
Ashenzari


Innate Abilities, Weirdness & Mutations

You are immune to poison.
Your flesh is cold resistant. (rC+)
You are immune to negative energy. (rN+++)
You are immune to unholy pain and torment.
You are vulnerable to heat. (rF-)
You are in touch with the powers of death.
You do not drink.
You have a special connection with the divine. (Faith)


Message History

The bullfrog gives a loud, deep croak!
A bullfrog comes into view.
You aren't carrying any items that you can evoke.
Unknown command.
The bullfrog attacks as you move away! The bullfrog hits you.
The bullfrog hits you!
* * * LOW HITPOINT WARNING * * *
The bullfrog misses you. The bullfrog attacks as you move away!
The bullfrog hits you but does no damage.
The bullfrog hits you.
* * * LOW HITPOINT WARNING * * *
The bullfrog hits you.
* * * LOW HITPOINT WARNING * * *
Casting: Magic Dart (safe; 9% risk of failure)
Confirm with . or Enter, or press ? or * to list all spells.
Aiming: Slow (safe; 11% risk of failure)
Press: ? - help, Shift-Dir - straight line, f - bullfrog
Aim: a bullfrog (water, chance to affect: 40%)
The bullfrog resists with some effort.
The bullfrog croaks.
The bullfrog hits you.
* * * LOW HITPOINT WARNING * * *
Casting: Slow (safe; 11% risk of failure)
Confirm with . or Enter, or press ? or * to list all spells.
Aiming: Slow (safe; 11% risk of failure)
Press: ? - help, Shift-Dir - straight line, f/p - bullfrog
Aim: a bullfrog (water, chance to affect: 40%)
You miscast Slow.
You are very lightly contaminated with residual magic.
Nothing appears to happen.
The bullfrog hits you but does no damage.
The bullfrog hits you.
* * * LOW HITPOINT WARNING * * *
As you read the scroll of teleportation, it crumbles to dust.
You feel strangely unstable. The bullfrog barely misses you.
The bullfrog closely misses you. The bullfrog hits you.
* * * LOW HITPOINT WARNING * * *
The bullfrog hits you!
You die...

#..~~~~~~~~~~~~~~~~~~~
#.~~≈≈≈≈≈≈≈≈≈≈≈≈≈≈≈≈≈≈
#.~≈≈~~~~≈≈≈~~≈~~~~~~~
#.~≈~~..~~~~≈≈~≈~~....
#.~≈~.~≈≈≈≈≈~~≈≈≈≈≈≈≈~
#~~≈~.~≈≈≈≈≈≈≈≈≈≈≈≈≈~≈
#~~≈~~~≈≈≈≈~~~~≈≈≈≈≈≈~
#~~≈~~~≈≈≈~~~.~.~≈≈≈≈≈
#~~≈~@F≈≈~≈≈.~~~)~≈≈≈≈
#~~≈~~F≈~≈≈~.~~[$!.≈≈≈
#~~≈~≈≈~≈≈~.~.~?!.~~≈≈
#.~≈≈≈≈≈≈≈....≈≈...≈≈≈
#~~≈≈≈#≈≈~~∩~≈≈≈≈≈≈≈≈≈
#~~≈≈≈##≈≈≈~≈≈≈≈≈≈≈≈≈≈
#.~≈≈≈####≈≈≈≈≈≈≈
#.~≈≈~# ###≈≈≈≈
#.~≈~.# ###


You could see 2 bullfrogs.

Vanquished Creatures
  4 adders
  3 worms
  A dart slug (D:2)
  5 ball pythons
  3 endoplasms
  10 giant cockroaches
  13 goblins
  4 hobgoblins
  5 jackals
  4 quokkas
  7 bats
  9 frilled lizards
  3 kobolds
  6 rats
77 creatures vanquished.

Notes
Turn   | Place    | Note
-------+----------+-------------------------------------------
     0 | D:1      | GordonOverkill the Mummy Hedge Wizard began the quest for
                  | the Orb.
     0 | D:1      | Reached XP level 1. HP: 13/13 MP: 5/5
     2 | D:1      | Learned a level 1 spell: Slow
   221 | D:1      | Reached skill level 1 in Conjurations
   221 | D:1      | Reached skill level 1 in Summonings
   221 | D:1      | Reached skill level 1 in Translocations
   258 | D:1      | Reached XP level 2. HP: 19/19 MP: 4/7
   334 | D:1      | Found a faded altar of an unknown god.
   588 | D:1      | Prayed at the altar of an unknown god.
   588 | D:1      | Became a worshipper of Ashenzari the Shackled
   763 | D:1      | Learned a level 2 spell: Cigotuvi's Dreadful Rot
  1083 | D:1      | Gained mutation: You are in touch with the powers of death.
                  | [Mummy growth]
  1083 | D:1      | Reached XP level 3. HP: 24/24 MP: 4/8
  1335 | D:1      | Upgraded the game from 0.31-a0-233-g139696dc86 to
                  | 0.31-a0-240-gb923e448b6
  2348 | D:2      | Reached skill level 1 in Hexes
  3193 | D:2      | Reached XP level 4. HP: 23/23 MP: 1/10
  3941 | D:3      | Found a glowing drain.
  3960 | D:3      | Reached skill level 1 in Necromancy
  4040 | Sewer    | Entered a sewer
  4936 | Sewer    | Noticed a bullfrog
  4936 | Sewer    | Noticed a bullfrog
  4943 | Sewer    | Mangled by a bullfrog

Illustrated notes

Levels and vault maps discovered:
D:1:      dpeg_arrival_subterranean_lakeside_camping, layout_rooms,
          chequers_ecumenical_altar_simple
D:2:      layout_basic, minmay_misc_feat_iff, kennysheep_generic_room_8
D:3:      layout_loops_corners, cheibrodos_sewer_entry_bend
Sewer:    sewer_frog_island_01

Skill      XL: |  1  2  3  4 |
---------------+-------------+-----
Conjurations   | 1 |  1.5
Summonings     | 1 |  1.7
Translocations | 1 |  1.4
Hexes          | 1 |  1.2
Necromancy     | 1 |  1.1
Short Blades   | |  0.1
Dodging        | |  1.5
Stealth        | |  1.5
Spellcasting   | |  4.5
Air Magic      | |  0.6
Poison Magic   | |  0.6

Action                     |  1- 3 |  4- 6 || total
---------------------------+-------+-------++-------
  Melee: Dagger            |    54 |    16 ||    70
         Punch             |       |     1 ||     1
   Cast: Magic Dart        |   143 |   113 ||   256
         Cigotuvi's Dreadf |     4 |       ||     4
         Slow              |       |     1 ||     1
 Invoke: Curse Item        |       |     1 ||     1
    Use: Scroll            |       |     2 ||     2
 Armour: Robe              |    21 |     9 ||    30
  Dodge: Dodged            |    68 |    29 ||    97

Table legend: (Time is in decaauts)
 A = Elapsed time spent in this place.
 B = Non-inter-level travel time spent in this place.
 C = Inter-level travel time spent in this place.
 D = Time resting spent in this place.
 E = Time spent auto-exploring this place.
 F = Levels seen in this place.
 G = Mean time per level.
                   A        B        C        D        E       F      G
               +--------+--------+--------+--------+--------+-----+--------+
         Total |   4989 |   4940 |     49 |   2872 |    925 |   4 | 1247.2 |
       Dungeon |   4048 |   3999 |     49 |   2226 |    811 |   3 | 1349.3 |
         Sewer |    941 |    941 |      0 |    646 |    114 |   1 |  941.0 |
               +--------+--------+--------+--------+--------+-----+--------+

Top non-repeatable levels by time:
     D:1: 2175 daAuts
     D:2: 1757 daAuts
   Sewer: 941 daAuts
     D:3: 115 daAuts
